 Dungeon Crawl Stone Soup version 0.28-a0-1286-g6bde065e89 (webtiles) character file.

Game seed: 5405830736974228435

4447 Zonian the Zephyrmancer (level 10, -15/56 HPs)
             Began as a Tengu Air Elementalist on Dec 26, 2021.
             Was an Elder of Dithmenos.
             Killed from afar by Joseph (32 damage)
             ... with a bolt of acid
             ... on level 8 of the Dungeon.
             The game lasted 00:33:16 (15112 turns).

Zonian the Zephyrmancer (Tengu Air Elementalist)   Turns: 15112, Time: 00:33:17

Health: -15/56     AC:  5    Str: 11    XL:     10   Next: 37%
Magic:  16/18      EV: 17    Int: 18    God:    Dithmenos [****..]
Gold:   309        SH:  0    Dex: 14    Spells: 9/19 levels left

rFire   . . .      SeeInvis .   n - +1 short sword (elec)
rCold   . . .      Faith    .   (no shield)
rNeg    . . .      Spirit   .   m - +1 leather armour
rPois   .          Reflect  .   (helmet restricted)
rElec   .          Harm     .   b - +0 cloak
rCorr   .          Rampage  .   (no gloves)
Will    .....                   (boots unavailable)
Stlth   ++++......              (no amulet)
HPRegen 0.18/turn               k - +4 ring of protection
MPRegen 0.16/turn               (no ring)

@: corroded, flying quickly and evasively, wreathed by umbra, quick
A: beak, talons 3, nimble flight
a: Renounce Religion, Shadow Step


You were on level 8 of the Dungeon.
You worshipped Dithmenos.
Dithmenos was greatly pleased with you.
You visited 1 branch of the dungeon, and saw 8 of its levels.
You also visited: Sewer.

You collected 309 gold pieces.

Inventory:

Hand Weapons
 c - a +2 halberd of flaming
 j - a +0 hunting sling
 n - a +1 short sword of electrocution (weapon)
 o - a +3 trident
 y - a +0 dagger of venom
Missiles
 d - 256 stones
 e - 30 bolts
 f - 31 poisoned darts
 g - 15 sling bullets
 h - 4 boomerangs
Armour
 a - a +0 robe
 b - a +0 cloak (worn)
 m - a +1 leather armour (worn)
Jewellery
 k - a +4 ring of protection (left hand)
Wands
 p - a wand of polymorph (9)
 r - a wand of charming (15)
Scrolls
 i - 3 scrolls of magic mapping
 q - 3 scrolls of teleportation
 x - a scroll of summoning {unknown}
Potions
 l - a potion of brilliance {unknown}
 s - 2 potions of resistance
 t - 3 potions of mutation
 u - a potion of cancellation
 v - 2 potions of haste
 w - a potion of invisibility
 z - 2 potions of curing


   Skills:
 + Level 4.0 Fighting
 + Level 3.2 Short Blades
 - Level 2.6 Polearms
 + Level 6.4 Dodging
 + Level 6.4 Stealth
 + Level 5.3 Spellcasting
 + Level 7.2 Conjurations
 + Level 8.3 Air Magic
 + Level 4.8 Invocations


You had 9 spell levels left.
You knew the following spells:

 Your Spells              Type           Power      Damage    Failure   Level
a - Shock                 Conj/Air       100%       1d9       1%          1
b - Static Discharge      Conj/Air       32%        N/A       1%          2
c - Swiftness             Air            34%        N/A       1%          3
d - Airstrike             Air            17%        N/A       5%          4

Your spell library contained the following spells:

 Spells                   Type           Power      Damage    Failure   Level
 Chain Lightning          Conj/Air       16%        3d21      100%        9
 Fire Storm               Conj/Fire      8%         8d2       100%        9
 Shatter                  Erth           2%         3d6*      100%        9


Dungeon Overview and Level Annotations

Branches:
Dungeon (8/15)             Temple (0/1) D:6           Sewer (visited)
   Lair: D:8-11

Altars:
Dithmenos
Elyvilon
Makhleb
Qazlal
Trog
Wu Jian
Yredelemnul

Shops:
D:6 [

Annotations:
D:3 2 transporters, 1 runed translucent door, Crazy Yiuf; Zonian's ghost, amateur TeAE
D:5 Grinder
D:8 Joseph


Innate Abilities, Weirdness & Mutations

You have a beak for a mouth.
You have claws for feet.
Your magical nature lets you fly swiftly and evasively.


Message History

There is a stone staircase leading down here.
You reach down and open the door.
You reach down and open the door.
Found 19 arrows.
Unknown command.
There is an open door here.
You reach down and open the door.
There is an open door here.
There is an open door here.
There is an open door here.
Found 20 arrows.
Found a robe.
Unknown command.
You see here 20 arrows.
Joseph, a Mercenary comes into view.
He is wielding a +0 quarterstaff and carrying a wand of acid (3).
You see here a +0 robe.
Joseph is nearby!
Joseph shouts!
Joseph shouts, "I love to fight!
I love killing!"
Joseph zaps a wand.
The bolt of acid misses you.
Joseph zaps a wand.
The bolt of acid hits you!! The acid corrodes you!
There is an open door here.
Joseph hits you with a +0 quarterstaff!
You hit Joseph. Lightning courses through Joseph! You claw Joseph.
You peck Joseph, but do no damage.
Joseph is moderately wounded.
Joseph barely misses you.
Unknown command.
You feel better. Joseph hits you with a +0 quarterstaff!
Unknown command.
Casting: Static Discharge (safe; 1% risk of failure)
Confirm with . or Enter, or press ? or * to list all spells.
Joseph is struck by an arc of lightning.
Joseph is heavily wounded.
You are struck by an arc of lightning.
Joseph is struck by an arc of lightning.
Joseph is heavily wounded.
The lightning grounds out.
Joseph zaps a wand.
The bolt of acid hits you!!
Ouch! That really hurt!
You die...

..#.......#......##....#
..'.......#......##....#
..#.......#............#
###.......#............#
#.......#........(...##
#.......####+####.....#
#.......#......##[....#
#.......#......'.....##
.......#.....@#.....#
#....@.#........
#......#.........
#......#.....####
#......#.....#
#####..##....'. ##+#
....#.


You could see Joseph.

Vanquished Creatures
  Sigmund (D:2)
  3 wyverns (D:7)
  5 yaks (D:6)
  Menkaure (D:5)
  A hornet zombie (D:5)
  A sky beast (D:3)
  An ice beast (D:5)
  A black bear (D:6)
  A necrophage (D:5)
  An orc warrior (D:7)
  3 ogres
  A centaur (D:6)
  2 kobold brigands (D:7)
  A phantom (D:6)
  4 bullfrogs
  A gnoll sergeant (D:5)
  3 scorpions
  2 wights (D:8)
  2 centaur zombies
  3 hounds
  A jelly (D:4)
  2 orc priests (D:3)
  A centaur skeleton (D:5)
  4 iguanas
  4 orc wizards
  2 killer bee zombies (D:5)
  2 howler monkey zombies
  14 gnolls
  15 adders
  7 river rats
  2 shadow imps
  3 white imps
  An adder skeleton (D:4)
  7 worms
  3 dart slugs
  21 orcs
  6 endoplasms
  4 giant cockroaches
  6 hobgoblins
  4 jackals (D:1)
  7 quokkas
  15 ball pythons
  10 bats
  7 frilled lizards
  5 goblins
  16 kobolds
  28 rats
235 creatures vanquished.

Vanquished Creatures (others)
  An adder skeleton (D:4)
  A ball python (D:4)
  14 plants
16 creatures vanquished.

Grand Total: 251 creatures vanquished

Notes
Turn   | Place    | Note
-------+----------+-------------------------------------------
     0 | D:1      | Zonian the Tengu Air Elementalist began the quest for the
                  | Orb.
     0 | D:1      | Reached XP level 1. HP: 10/10 MP: 4/4
   130 | D:1      | Reached XP level 2. HP: 15/15 MP: 0/6
   150 | D:1      | Learned a level 2 spell: Static Discharge
   688 | D:1      | Reached XP level 3. HP: 19/19 MP: 5/7
  1111 | D:1      | Found a faded altar of an unknown god.
  1542 | D:1      | Prayed at the altar of an unknown god.
  1542 | D:1      | Became a worshipper of Dithmenos the Shadowed
  1542 | D:1      | Reached * piety under Dithmenos
  1923 | D:2      | Reached XP level 4. HP: 23/24 MP: 3/8
  2177 | D:2      | Noticed Sigmund
  2410 | D:3      | Reached skill level 1 in Invocations
  2410 | D:3      | Gained mutation: Your magical nature lets you fly swiftly
                  | and evasively. [Tengu growth]
  2410 | D:3      | Reached XP level 5. HP: 10/28 MP: 0/10
  2957 | D:3      | Learned a level 3 spell: Swiftness
  3388 | D:2      | Killed Sigmund
  3389 | D:2      | Reached skill level 5 in Air Magic
  3389 | D:2      | Reached XP level 6. HP: 11/32 MP: 2/11
  4204 | D:3      | Reached ** piety under Dithmenos
  4411 | D:3      | Noticed a sky beast
  4475 | D:3      | Noticed Zonian's ghost (amateur TeAE)
  4508 | D:3      | Found a transporter.
  4555 | D:3      | Identified the +9 halberd "Pililix" {venom, rElec Str-4
                  | Int+2}
  4752 | D:3      | Found a transporter.
  4942 | D:3      | Killed a sky beast
  4943 | D:3      | Reached XP level 7. HP: 36/36 MP: 12/12
  4951 | D:3      | Found a stormy altar of Qazlal.
  5129 | D:3      | Found a runed translucent door.
  5130 | D:3      | Noticed Crazy Yiuf
  6388 | D:4      | Reached skill level 6 in Air Magic
  7291 | D:5      | Entered Level 5 of the Dungeon
  7547 | D:5      | Reached XP level 8. HP: 37/41 MP: 14/14
  7917 | D:5      | Noticed Menkaure
  7920 | D:5      | Killed Menkaure
  8157 | D:5      | Reached skill level 1 in Fighting
  8157 | D:5      | Reached skill level 1 in Polearms
  8334 | D:5      | Reached skill level 5 in Conjurations
  9360 | D:5      | Noticed Grinder
  9584 | D:5      | Found an ornate altar of the Wu Jian Council.
  9591 | D:5      | Noticed a spectral centipede
  9591 | D:5      | Noticed a spectral black mamba
  9819 | D:6      | Reached skill level 5 in Dodging
  9866 | D:6      | Found a burning altar of Makhleb.
  9869 | D:6      | Found a basalt altar of Yredelemnul.
  9872 | D:6      | Found a white marble altar of Elyvilon.
  9875 | D:6      | Found a bloodstained altar of Trog.
  9909 | D:6      | Found Efahieso's Armour Shoppe.
  9927 | D:6      | Reached skill level 5 in Stealth
  9952 | D:6      | Noticed a yak
  9978 | D:6      | Killed a yak
  9979 | D:6      | Reached XP level 9. HP: 19/48 MP: 1/16
 10057 | D:6      | Reached skill level 7 in Air Magic
 10102 | D:6      | Found a glowing drain.
 10110 | Sewer    | Entered a sewer
 10558 | Sewer    | Reached *** piety under Dithmenos
 11661 | D:6      | Reached skill level 1 in Short Blades
 11853 | D:6      | Learned a level 4 spell: Airstrike
 11921 | D:6      | Found a staircase to the Ecumenical Temple.
 12100 | D:6      | Reached **** piety under Dithmenos
 12681 | D:7      | Reached skill level 5 in Spellcasting
 12869 | D:7      | Reached XP level 10. HP: 56/56 MP: 11/18
 13262 | D:7      | Reached skill level 8 in Air Magic
 13809 | D:7      | Identified the +1 chain mail of the Final Beasts {*Corrode
                  | rF+ Int+3}
 15106 | D:8      | Noticed Joseph
 15112 | D:8      | Killed from afar by Joseph

Illustrated notes

Levels and vault maps discovered:
D:1:      dpeg_arrival_windows_large_door, layout_basic,
          shapermc_ecumenical_altar_acropolis, minmay_bisected
D:2:      layout_rooms, nicolae_grassy_gnolls, uniq_sigmund
D:3:      layout_rooms, mainiacjoe_overflow_alcove_1,
          gammafunk_ghost_gnarly_gnolls, uniq_crazy_yiuf_cottage
D:4:      layout_basic, lemuel_old_faithful
D:5:      lemuel_ice_spiral_2, layout_basic, pdpol_wu_jian_five_deadly_venoms,
          minivault_26, lightli_minifort, uniq_grinder, uniq_menkaure
D:6:      layout_rooms, grunt_temple_overflow_cloverleaf,
          minmay_temple_entry_antechambers, lightli_sewer_entry_pipes,
          serial_shops, nicolae_shop_window_shopping, hex_tiny, minmay_between
D:7:      layout_cave_pods, minivault_11, grunt_ministairs_6
D:8:      layout_gridville, kennysheep_mini_moat, grunt_gozag_statues,
          uniq_joseph, uniq_maggie

Skill      XL: |  1  2  3  4  5  6  7  8  9 10 |
---------------+-------------------------------+-----
Conjurations   | 2 3 4 5 6 7 |  7.2
Dodging        | 3 4 5 6 |  6.4
Stealth        | 3 4 5 6 |  6.4
Invocations    | 1 2 3 4 |  4.8
Spellcasting   | 3 4 5 |  5.3
Air Magic      | 5 6 7 8 |  8.3
Fighting       | 2 3 4 |  4.0
Polearms       | 2 |  2.6
Short Blades   | 2 3 |  3.2

Action                   |  1- 3 |  4- 6 |  7- 9 | 10-12 || total
-------------------------+-------+-------+-------+-------++-------
Melee: Unarmed           |    27 |    67 |    16 |       ||   110
       Kick              |     7 |    15 |    45 |    12 ||    79
       Peck              |     1 |    16 |    33 |     9 ||    59
       Trident           |       |       |    74 |       ||    74
       Short sword       |       |       |    91 |    50 ||   141
Throw: Dart              |       |     3 |     1 |       ||     4
 Cast: Shock             |    74 |    59 |   130 |    71 ||   334
       Static Discharge  |       |     7 |    67 |    12 ||    86
Evoke: Wand              |       |     7 |     5 |     3 ||    15
  Use: Scroll            |     1 |     2 |    12 |       ||    15
       Potion            |       |     4 |     2 |     1 ||     7
 Stab: Sleeping          |       |     3 |    12 |       ||    15
Armor: Robe              |    13 |    15 |     2 |       ||    30
       Leather armour    |       |       |    55 |    20 ||    75
Dodge: Dodged            |    32 |    62 |   285 |    63 ||   442

Table legend: (Time is in decaauts)
 A = Elapsed time spent in this place.
 B = Non-inter-level travel time spent in this place.
 C = Inter-level travel time spent in this place.
 D = Time resting spent in this place.
 E = Time spent auto-exploring this place.
 F = Levels seen in this place.
 G = Mean time per level.
                   A        B        C        D        E       F      G
               +--------+--------+--------+--------+--------+-----+--------+
         Total |  14624 |  14256 |    368 |   6626 |   4581 |   9 | 1624.9 |
       Dungeon |  13491 |  13123 |    368 |   5870 |   4423 |   8 | 1686.4 |
         Sewer |   1133 |   1133 |      0 |    755 |    157 |   1 | 1133.0 |
               +--------+--------+--------+--------+--------+-----+--------+

Top non-repeatable levels by time:
     D:5: 2325 daAuts
     D:1: 2010 daAuts
     D:3: 1984 daAuts
     D:7: 1856 daAuts
     D:4: 1855 daAuts
     D:6: 1714 daAuts
     D:2: 1271 daAuts
   Sewer: 1133 daAuts
     D:8: 473 daAuts
